cohdb
Replays
Latest Replays
All Replays
Popular Replays
Top Player Replays
Match Explorer
How It Works
Community
CoH3 Stats
Reddit
Sign in to upload your games and track your stats! →
Sign in with Steam
Match 39489570
Unlisted
Match 39489570
Overview
Messages
Build Orders
End
Construct Section Command Post
Royal Engineer Section
Dingo Light Scout Car
Infantry Section
Selects Canadian Shock Battlegroup
Selects Attacking Spirit
Selects Canadian Shock Section
Canadian Shock Section
Construct Platoon Command Post
Selects Incendiary Munitions
Humber Armored Car
Canadian Shock Section
6-pounder Anti-tank Gun Team
6-pounder Anti-tank Gun Team
crip walking barrage
『BlackBear』
糕糕团
4-in-1 Petrol lawnmower
0
0
Comments
sign in to comment!
No comments posted yet!